 Dungeon Crawl Stone Soup version 0.14-a0-3367-g7c2a7eb (webtiles) character file.

65 4tharraofdagon the Firebug (level 3, -4/19 HPs)
             Began as a Kobold Fire Elementalist on Mar 19, 2014.
             Killed from afar by an orc wizard (6 damage)
             ... with a magic dart
             ... on Level 5 of the Dungeon.
             The game lasted 00:02:10 (368 turns).

4tharraofdagon the Firebug (KoFE)                    Turns: 368, Time: 00:02:11

HP  -4/19        AC  2     Str  7      XL: 3   Next: 17%
MP   0/6         EV 15     Int 14      God:
Gold 40          SH  0     Dex 15      Spells:  1 memorised,  5 levels left

rFire  . . .     SeeInvis .     e - +1,+2 dagger (venom)
rCold  . . .     Clarity  .     f - +0 robe {MR+}
rNeg   . . .     Conserve .     (no shield)
rPois  .         rCorr    .     (no helmet)
rElec  .         rRot     .     (no cloak)
SustAb . .       Spirit   .     (no gloves)
rMut   .         Warding  .     (no boots)
Saprov + + .     Stasis   .     (no amulet)
MR     +....                    (no ring)
                                (no ring)

@: somewhat resistant to hostile enchantments, stealthy
A: disease resistance, carnivore 3, saprovore 2
a: no special abilities


You were on level 5 of the Dungeon.
You were very full.

You visited 1 branch of the dungeon, and saw 4 of its levels.

You collected 40 gold pieces.

Inventory:

Hand weapons
 e - a +1,+2 dagger of venom (weapon)
Armour
 a - a +0 robe
 f - a +0 robe of magic resistance (worn)
Comestibles
 c - a meat ration
Scrolls
 d - a scroll of remove curse
Books
 b - a book of Flames

   Spells                             Type                      Level
   *Flame Tongue                      Conjuration/Fire             1
   Throw Flame                        Conjuration/Fire             2
   Conjure Flame                      Conjuration/Fire             3
   Inner Flame                        Hexes/Fire                   3
   Sticky Flame                       Conjuration/Fire             4
   Fireball                           Conjuration/Fire             5


   Skills:
 - Level 2.4 Dodging
 - Level 2.6 Stealth
 + Level 2.0 Spellcasting
 * Level 2.0 Conjurations
 * Level 3.4 Fire Magic


You had 5 spell levels left.
You knew the following spells:

 Your Spells              Type           Power        Failure   Level  Hunger
a - Flame Tongue          Conj/Fire      #....        10%         1    ##.....


Dungeon Overview and Level Annotations

Branches:
Dungeon (5/15)
 Temple: D:4-7

Altars:

Annotations:
D:4 Pikel


Innate Abilities, Weirdness & Mutations

You recuperate from illness quickly.
You are small and have problems with some larger weapons.
You are carnivorous and can eat meat at any time.
You can eat rotten meat.


Message History

You resist with almost no effort. The orc wizard closely misses you.
Unknown command.
Unknown command.
Casting: Flame Tongue
Confirm with . or Enter, or press ? or * to list all spells.
Aiming: Flame Tongue
Press: ? - help, Shift-Dir - straight line, f - orc wizard
Aim: an orc wizard, wielding a dagger and wearing a robe (lightly wounded, poisoned, moving very quickly)
The flame hits the orc wizard.
The orc wizard is heavily wounded.
The orc wizard hits you with a dagger.
* * * LOW HITPOINT WARNING * * *
Unknown command.
You closely miss the orc wizard.
The orc wizard is severely wounded.
The orc wizard gestures wildly while chanting.
The orc wizard blinks!
The orc wizard gestures at you while chanting.
The magic dart hits you!
You die...

##.######.######.######.
........................
#########.#######.#####.
#<# #.# #.# #.# #.# #.#
#.# #.#
###.##########.#######.#
...........ยง@...o.....<#
...#####.#####.#######.#
#.# #.# #....... #.# #.#
#....... . #.# #.#
#.......
.....#####.#####.#
#......s
..o..S...........#
#.......
##########.#####.#
#...r.. #.# #.# #.....


You could see an orc wizard.

Vanquished Creatures
  An adder (D:5)
  3 goblins (D:1)
  A hobgoblin (D:2)
  3 kobolds
  A bat (D:1)
  A giant newt (D:1)
  5 rats
15 creatures vanquished.

Notes
Turn   | Place    | Note
--------------------------------------------------------------
     0 | D:1      | 4tharraofdagon, the Kobold Fire Elementalist, began the quest for the Orb.
     0 | D:1      | Reached XP level 1. HP: 10/10 MP: 3/3
    23 | D:1      | Reached skill level 1 in Conjurations
    99 | D:1      | Reached XP level 2. HP: 10/15 MP: 4/4
   245 | D:2      | You fall through a shaft!
   267 | D:4      | Noticed a slave
   267 | D:4      | Noticed Pikel
   267 | D:4      | Noticed a slave
   268 | D:4      | Noticed a slave
   286 | D:5      | Entered Level 5 of the Dungeon
   322 | D:5      | Noticed a scorpion
   363 | D:5      | Reached XP level 3. HP: 11/19 MP: 0/6
   368 | D:5      | Killed from afar by an orc wizard

Action                   || total
-------------------------++-------
Melee: Dagger            ||    26
 Cast: Flame Tongue      ||     8
  Use: Potion            ||     2
       Scroll            ||     1
 Stab: Sleeping          ||     3
